Map: Rhoskallian LE

Players

Narazdva - Winner!

  • Race: Terran Terran
  • League: Diamond
  • Spawn Location: 11:00

AiR - Winner!

  • Race: Zerg Zerg
  • Spawn Location: 12:00

Massa

  • Race: Terran Terran
  • League: Platinum
  • Spawn Location: 6:00

qqq

  • Race: Zerg Zerg
  • Spawn Location: 5:00

VOD

Have the link to the VOD?

Description

Time

  • Played on: March 16, 2021, 2:09 p.m.
  • Length: 9:16
Show
View Real Time Build Order
Export as new Build Order

Narazdva Terran - Winner!

Build Orders: 2 Factory 

Get SALT Encoding   

  12  0:02  SCV  
  13  0:14  SCV  
  13  0:18  Supply Depot  
  14  0:26  SCV  
  15  0:40  SCV  
  15  0:41  Barracks  
  16  0:47  Refinery  
  16  0:52  SCV  
  17  1:04  SCV  
  18  1:09  Refinery  
  18  1:16  SCV  
  19  1:28  SCV  
  19  1:30  Reaper  
  21  1:33  Supply Depot  
  21  1:42  SCV  
  22  1:54  SCV  
  23  2:03  Reaper  
  23  2:04  Command Center  
  24  2:13  Orbital Command  
  24  2:24  Factory  
  24  2:35  Reaper  
  25  2:45  Supply Depot  
  25  2:46  SCV  
  26  2:58  Factory  
  26  3:07  Reaper  
  26  3:11  Factory Reactor  
  27  3:16  Orbital Command  
  27  3:20  Refinery  
  27  3:45  Refinery  
  26  3:54  Factory Tech Lab  
  26  3:55  Hellion x2  
  28  3:57  SCV x2  
  28  4:02  Reaper  
  31  4:08  Factory  
  31  4:09  SCV x2  
  33  4:17  Hellion x2  
  37  4:18  Cyclone  
  37  4:21  SCV x2  
  42  4:33  SCV x2  
  42  4:35  Infernal Pre-Igniter  
  44  4:50  Cyclone  
  47  4:54  Factory Tech Lab  
  47  4:55  Hellion  
  47  4:56  Hellion  
  45  5:10  SCV x2  
  47  5:16  Cyclone  
  47  5:17  Hellion  
  52  5:22  SCV x2, Cyclone  
  52  5:24  Supply Depot x2  
  57  5:34  SCV x2  
  59  5:39  Mag-Field Accelerator  
  59  5:43  Armory  
  59  5:46  SCV x2  
  59  5:48  Supply Depot  
  61  5:57  Armory  
  61  5:58  SCV x2  
  61  6:00  Hellion x2  
  61  6:01  Hellion x2  
  71  6:08  Engineering Bay  
  71  6:10  SCV x2  
  73  6:22  SCV  
  58  6:53  Cyclone x2, Hellion x2  
  66  7:03  Terran Vehicle Weapons Level 1  
  66  7:14  Hellion  
  66  7:15  Hellion  
  70  7:25  Cyclone x2  
  76  7:35  SCV x2  
  76  7:36  Hellion x2  
  80  7:41  Factory  
  80  7:45  Factory  
  80  7:47  SCV x2  
  80  7:50  Supply Depot  
  82  7:52  Command Center, Supply Depot  
  82  7:57  Cyclone x2  
  88  8:04  Hellion x2  
  92  8:13  Supply Depot  
  92  8:19  SCV x2  
  94  8:25  Hellion  
  96  8:29  Cyclone x2  
  96  8:31  SCV x2  
  96  8:32  Hellion  
  96  8:33  Factory Tech Lab x2  
  106  8:43  SCV x2  
  104  8:55  SCV  
Show
View Real Time Build Order
Export as new Build Order

AiR Zerg - Winner!

Build Orders: Hatch First 

Get SALT Encoding   

  12  0:00  Drone  
  13  0:15  Overlord  
  13  0:18  Drone  
  14  0:33  Drone x2  
  16  0:37  Drone  
  17  0:55  Hatchery  
  16  0:58  Drone  
  16  1:01  Extractor  
  16  1:14  Spawning Pool  
  16  1:17  Drone  
  16  1:21  Drone  
  17  1:27  Drone  
  18  1:34  Drone  
  19  1:41  Overlord  
  19  1:58  Drone  
  20  2:01  Queen  
  20  2:07  Queen  
  20  2:08  Drone  
  25  2:10  Drone  
  26  2:33  Drone x2  
  26  2:34  Metabolic Boost  
  26  2:35  Drone  
  26  2:36  Drone x2  
  31  2:46  Drone  
  31  2:48  Drone  
  31  2:50  Overlord  
  33  2:56  Zergling x2  
  34  3:01  Zergling x2  
  35  3:09  Zergling x2  
  35  3:11  Zergling x2  
  37  3:13  Zergling x6  
  40  3:21  Zergling x2  
  40  3:22  Overlord  
  41  3:33  Zergling x4  
  43  3:38  Extractor, Lair  
  43  3:40  Hatchery  
  43  3:41  Drone, Extractor  
  42  3:47  Drone x2  
  42  3:48  Drone x2  
  46  4:02  Zergling x2  
  46  4:03  Zergling x6  
  46  4:09  Drone  
  50  4:12  Drone  
  47  4:26  Drone x2  
  47  4:28  Drone x2  
  51  4:32  Extractor  
  47  4:49  Zergling x14  
  47  4:56  Spire  
  46  5:06  Zergling x2  
  51  5:07  Zergling x8  
  51  5:16  Drone x3  
  51  5:19  Drone x3  
  51  5:21  Drone  
  58  5:23  Overlord  
  58  5:24  Overlord  
  58  5:28  Overlord  
  58  5:29  Overlord x2  
  58  5:42  Overlord  
  58  5:43  Overlord  
  58  5:45  Drone  
  58  5:46  Drone x2  
  58  5:49  Spine Crawler  
  60  5:55  Drone x4  
  64  5:57  Pneumatized Carapace  
  64  6:00  Drone x2  
  60  6:19  Mutalisk  
  60  6:20  Mutalisk x5  
  66  6:35  Mutalisk x4  
  66  6:39  Drone  
  75  6:59  Mutalisk  
  75  7:00  Mutalisk x4  
  82  7:26  Mutalisk x3  
  88  7:35  Zergling x10  
  88  7:36  Zergling x6  
  97  7:44  Drone x2  
  97  7:46  Overlord x2  
  93  8:01  Mutalisk  
  93  8:02  Mutalisk x3  
  99  8:11  Hatchery  
Show
View Real Time Build Order
Export as new Build Order

Massa Terran 

Build Orders: 2 Factory, Hellion Opening 

Get SALT Encoding   

  12  0:00  SCV  
  13  0:12  SCV  
  14  0:23  Supply Depot  
  14  0:24  SCV  
  15  0:45  SCV  
  15  0:47  Barracks  
  16  0:54  Refinery  
  16  0:57  SCV  
  17  1:09  SCV  
  18  1:19  Refinery  
  18  1:21  SCV  
  19  1:36  Orbital Command  
  19  1:37  Supply Depot  
  19  1:50  Factory  
  19  1:59  Reaper  
  20  2:04  SCV  
  20  2:05  Supply Depot  
  21  2:19  Factory  
  21  2:22  SCV  
  22  2:34  SCV  
  22  2:37  Barracks Tech Lab, Factory Tech Lab  
  23  2:46  SCV  
  23  2:49  Barracks Reactor  
  24  2:57  Infernal Pre-Igniter  
  24  2:58  SCV  
  24  2:59  Hellion  
  27  3:11  Command Center  
  27  3:13  SCV  
  28  3:23  Hellion  
  30  3:31  Hellion  
  30  3:32  Hellion  
  30  3:33  Barracks Tech Lab  
  34  3:45  Hellion  
  36  3:58  Hellion  
  38  4:06  Supply Depot  
  38  4:07  Supply Depot  
  38  4:23  Hellion x3  
  44  4:26  SCV, Stimpack  
  45  4:31  Orbital Command  
  45  4:37  Marine  
  46  4:38  SCV  
  46  5:03  Hellion  
  46  5:04  Hellion x2  
  50  5:18  SCV x2  
  52  5:22  Engineering Bay  
  52  5:25  Hellion  
  52  5:28  Siege Tank  
  57  5:30  SCV  
  57  5:31  SCV  
  57  5:33  Starport  
  59  5:43  SCV x2  
  61  5:55  SCV  
  48  6:54  Starport Tech Lab  
  40  6:56  Refinery, Starport Reactor  
  40  6:57  Refinery  
  40  7:02  Barracks  
  40  7:04  Barracks x2  
  40  7:06  Barracks  
  40  7:07  Missile Turret  
  38  7:09  Missile Turret  
  38  7:10  Terran Infantry Weapons Level 1, Missile Turret  
  38  7:11  SCV x2  
  38  7:12  Missile Turret x3  
  38  7:13  Missile Turret  
  39  7:16  Command Center  
  39  7:23  SCV  
  39  7:24  SCV  
  39  7:25  Widow Mine x2  
  39  7:26  Siege Tank  
  48  7:36  SCV x2  
  50  7:38  Marauder  
  52  7:46  Widow Mine x2  
  52  7:48  SCV  
  57  8:01  Widow Mine  
  59  8:07  Widow Mine, Barracks Reactor, Marauder  
  59  8:08  Widow Mine, Barracks Reactor, Barracks Tech Lab  
  59  8:09  Barracks Reactor  
  59  8:10  Medivac x2  
  69  8:24  Supply Depot x2  
  69  8:25  Supply Depot  
  69  8:36  Marauder  
  69  8:46  Medivac  
  71  8:48  Supply Depot  
  71  8:49  Supply Depot  
  71  8:51  Supply Depot  
  71  8:58  Missile Turret  
  71  8:59  Missile Turret  
  71  9:00  Missile Turret  
Show
View Real Time Build Order
Export as new Build Order

qqq Zerg 

Build Orders: Hatch First 

Get SALT Encoding   

  12  0:01  Drone  
  13  0:08  Drone  
  14  0:18  Overlord  
  14  0:50  Drone  
  14  0:51  Hatchery  
  14  0:54  Drone  
  15  0:58  Drone  
  16  1:23  Drone, Spawning Pool  
  16  1:24  Extractor  
  15  1:27  Overlord  
  15  1:31  Drone  
  16  1:41  Drone  
  17  1:51  Drone  
  18  2:08  Drone  
  19  2:11  Drone  
  20  2:16  Drone  
  20  2:19  Hatchery  
  20  2:29  Queen  
  22  2:38  Queen  
  22  2:43  Drone  
  25  2:44  Drone  
  25  2:48  Drone  
  27  2:55  Drone  
  28  3:02  Roach Warren  
  28  3:05  Drone  
  28  3:13  Lair  
  28  3:17  Extractor  
  28  3:18  Drone  
  28  3:20  Drone  
  28  3:23  Drone  
  30  3:31  Drone, Evolution Chamber  
  29  3:53  Zergling x2  
  29  3:54  Drone x2, Zergling x4  
  29  3:55  Roach x2  
  38  3:56  Drone  
  38  4:01  Drone  
  38  4:02  Drone  
  41  4:11  Zerg Ground Armor Level 1  
  41  4:12  Drone  
  42  4:23  Glial Reconstitution  
  42  4:30  Drone, Overlord x2  
  42  4:38  Extractor  
  41  4:39  Extractor, Drone x2  
  42  4:47  Queen  
  42  4:50  Metabolic Boost  
  44  4:58  Roach x2  
  44  4:59  Roach  
  50  5:00  Drone  
  50  5:02  Drone  
  50  5:04  Drone  
  50  5:06  Drone  
  54  5:10  Drone x2  
  56  5:16  Drone x2  
  56  5:18  Overlord  
  58  5:22  Overlord  
  58  5:36  Overlord  
  58  5:37  Drone x3, Overlord  
  58  5:38  Drone x2  
  63  5:54  Hydralisk Den  
  63  5:57  Roach x5  
  68  5:59  Roach  
  74  6:05  Zerg Missile Weapons Level 1  
  74  6:06  Roach x2  
  74  6:08  Drone x4  
  82  6:27  Drone x3  
  82  6:29  Roach x2  
  82  6:30  Overlord x3  
  89  6:44  Overlord x3  
  89  6:45  Overlord  
  89  6:48  Drone  
  89  6:49  Roach x3  
  96  6:59  Roach x4  
  103  7:04  Hydralisk x2  
  107  7:10  Spore Crawler x2  
  107  7:12  Spore Crawler  
  107  7:15  Spore Crawler  
  94  7:17  Spore Crawler  
  94  7:20  Hydralisk x2  
  73  7:33  Hydralisk x3  
  73  7:34  Hydralisk  
  67  7:39  Drone  
  68  7:47  Hydralisk x2  
  68  7:50  Drone  
  73  8:03  Muscular Augments  
  73  8:09  Drone x2  
  73  8:10  Drone  
  73  8:12  Spore Crawler  
  75  8:18  Queen  
  77  8:25  Drone  
  77  8:26  Drone x2  
  80  8:36  Hydralisk x2  
Tags
 
Add a new tag
Caveats
  • Supply blocks, unpowered buildings, or Contaminate may cause inaccurate times.
  • Supply counts are checked every 10 seconds.